AoeStats
← 乳不巨何以聚人心

Nomad

509966717Analyzed
2v2 RM · 4d ago on Sep 28, 2026· 49m 9s· 4 players
Game mode
Random Map
Map size
176×176
Population
200
Speed
Normal
Resources
Standard
Victory
Conquest
Starting age
Dark Age
Ending age
Imperial Age
RankedLock teamsTeams togetherTeam positionsShared explorationLock speedFull tech treeHidden civsTurbo modeCheats
Victory
Defeat
🇦🇷 Saracens · Argentina
1144
+16
🇦🇷 Persians · Argentina
1133
+17
🇭🇰 Saracens · Hong Kong SAR China
1155
-17
🇭🇰 Poles · Hong Kong SAR China
1137
-16
Podwill
5:34 Loom
13:26 Feudal Age
14:23 Double-Bit Axe
16:04 Fletching
24:16 Castle Age
27:32 Wheelbarrow
34:58 Fishing Lines
38:46 Gillnets
42:31 Hand Cart
42:38 Town Watch
49:31 Imperial Age
sano.corley
4:00 Loom
12:55 Feudal Age
13:42 Double-Bit Axe
18:05 Fishing Lines
20:48 Castle Age
20:10 Scale Barding Armor
20:15 Forging
21:40 Chain Barding Armor
21:26 Gillnets
21:53 Bow Saw
21:42 Town Watch
23:26 Iron Casting
27:24 Gold Mining
28:29 Wheelbarrow
28:08 Bloodlines
33:56 Husbandry
33:17 Light Cavalry
40:03 Imperial Age
39:22 Fletching
41:06 Cavalier
43:32 Chemistry
44:50 Bodkin Arrow
47:58 Plate Barding Armor
48:24 Murder Holes
48:25 Savar
kyy
8:20 Loom
13:55 Feudal Age
20:38 Castle Age
32:23 Imperial Age
38:02 Wheelbarrow
42:56 Scale Mail Armor
乳不巨何以聚人心
4:28 Loom
10:07 Loom
10:28 Loom
13:45 Feudal Age
17:00 Fletching
21:03 Castle Age
19:10 Double-Bit Axe
21:25 Crossbowman
22:20 Bodkin Arrow
30:13 Ballistics
34:45 Wheelbarrow
38:50 Imperial Age
38:47 Hand Cart
39:26 Thumb Ring
40:46 Arbalester
Connection lost

Rejoining the realm…

Still unreachable

The connection could not be restored.

Session expired

The server has moved on; the page needs a fresh start.